 Dungeon Crawl Stone Soup version 0.27.1-34-g3ba077fa99 (webtiles) character file.

Game seed: 13609967792094984666

630 cbfl8 the Covered (level 7, 0/60 HPs)
             Began as a Minotaur Delver on Jan 20, 2022.
             Succumbed to an adder's poison
             ... on level 5 of the Dungeon.
             The game lasted 00:09:46 (5081 turns).

cbfl8 the Covered (Minotaur Delver)                 Turns: 5081, Time: 00:09:47

Health: 0/60       AC:  3    Str: 17    XL:     7   Next: 24%
Magic:  6/6        EV:  7    Int:  9    God:
Gold:   203        SH:  3    Dex: 11    Spells: 6/6 levels left

rFire    + + .     SeeInvis .   t - +1 short sword (flame)
rCold    x . .     Faith    .   c - +0 buckler
rNeg     . . .     Spirit   .   j - +0 chain mail
rPois    .         Reflect  .   (helmet restricted)
rElec    .         Harm     .   u - +0 cloak
rCorr    .         Rampage  .   (no gloves)
Will     .....                  (no boots)
Stlth    ..........             (no amulet)
HPRegen  0.20/turn              o - ring of fire
MPRegen  0.10/turn              v - ring of protection from fire

@: brilliant, lethally poisoned (0 -> -4), corroded
A: horns 2, retaliatory headbutt
a: no special abilities


You were on level 5 of the Dungeon.
You visited 1 branch of the dungeon, and saw 5 of its levels.

You collected 203 gold pieces.

Inventory:

Hand Weapons
 a - a +0 hand axe
 t - a +1 short sword of flaming (weapon)
Missiles
 l - 34 bolts
 z - 4 poisoned darts (quivered)
Armour
 b - a +0 leather armour
 c - a +0 buckler (worn)
 j - a +0 chain mail (worn)
 u - a +0 cloak (worn)
Jewellery
 o - a ring of fire (left hand)
 v - a ring of protection from fire (right hand)
 x - a +4 ring of evasion
Wands
 g - a wand of digging (3)
 i - a wand of mindburst (8)
Scrolls
 e - a scroll of fear
 h - a scroll of noise {unknown}
 m - a scroll of teleportation
 n - 2 scrolls of magic mapping
 p - a scroll of silence {unknown}
 q - 2 scrolls of amnesia {unknown}
 r - a scroll of immolation {unknown}
 s - a scroll of holy word {unknown}
 y - a scroll of identify {unknown}
Potions
 d - a potion of flight {unknown}
 f - a potion of haste
 k - a potion of brilliance
 w - a potion of attraction {unknown}


   Skills:
 + Level 4.9 Fighting
 + Level 3.1 Short Blades
 + Level 4.1 Axes
 + Level 5.2 Armour
 + Level 2.6 Dodging
 + Level 5.1 Stealth
 + Level 1.0 Shields


You had 6 spell levels left.
You didn't know any spells.
Your spell library was empty.

Dungeon Overview and Level Annotations

Branches:
Dungeon (5/15)
 Temple: D:4-7

Altars:
Elyvilon
Fedhas
Hepliaklqana

Shops:
D:5 *


Innate Abilities, Weirdness & Mutations

You have a pair of horns on your head.
You reflexively headbutt those who attack you in melee.


Message History

You hit the jelly. You burn the jelly.
You kill the jelly!
An adder comes into view.
The adder hisses angrily.
An adder is nearby!
The adder bites you.
You miss the adder. The adder bites you.
You miss the adder. Your headbutt misses the adder. The adder bites you.
You hit the adder but do no damage. The adder bites you. x2
* * * LOW HITPOINT WARNING * * *
You hit the adder but do no damage. Your headbutt misses the adder.
The adder bites you but does no damage.
You closely miss the adder. The adder barely misses you.
Your shield and chain mail prevent you from hitting the adder.
You headbutt the adder, but do no damage.
The adder bites you.
* * * LOW HITPOINT WARNING * * *
You are poisoned.
The adder poisons you! The adder bites you but does no damage.
You closely miss the adder.
You feel sick. The adder bites you.
* * * LOW HITPOINT WARNING * * *
You miss the adder. The adder bites you.
* * * LOW HITPOINT WARNING * * *
You hit the adder. You burn the adder.
The adder is heavily wounded.
You feel sick. The adder barely misses you.
You closely miss the adder.
The adder is heavily wounded.
You feel sick. The adder bites you but does no damage. The adder bites you.
* * * LOW HITPOINT WARNING * * *
You are lethally poisoned!
The adder poisons you!
You hit the adder. You burn the adder.
You headbutt the adder, but do no damage.
The adder is severely wounded.
* * * LOW HITPOINT WARNING * * *
You feel sick. The adder closely misses you.
It was a potion of brilliance.
You feel clever all of a sudden.
You die...

####...∩.........#.##.#
.....#...#.......'....#
.......#.#........#.####
............^.....#.#
.......#..........#.#
.......#..........#.###
.......#..........#...#
..................###.#######
...........S@.....# #.....)<#
..........######### #########
.......#### ....... .......
....... #######


You could see an adder.

Vanquished Creatures
  A sky beast (D:4)
  A black bear (D:5)
  An ogre (D:4)
  A phantom (D:4)
  A jelly (D:5)
  2 orc priests
  A bullfrog skeleton (D:4)
  An orc wizard (D:3)
  3 adders
  4 gnolls (D:4)
  An ufetubus (D:5)
  A worm (D:2)
  A dart slug (D:3)
  9 orcs
  2 bats (D:1)
  3 endoplasms
  2 giant cockroaches
  3 goblins
  4 hobgoblins
  2 jackals (D:2)
  4 quokkas
  6 ball pythons
  4 frilled lizards
  10 kobolds
  8 rats
76 creatures vanquished.

Notes
Turn   | Place    | Note
-------+----------+-------------------------------------------
     0 | D:5      | cbfl8 the Minotaur Delver began the quest for the Orb.
     0 | D:5      | Reached XP level 1. HP: 19/19 MP: 0/0
     1 | D:5      | Found Faopiaph's Overcharged Wands.
    36 | D:4      | Noticed an ogre
   110 | D:3      | Noticed an orc wizard
   128 | D:3      | Killed an orc wizard
   129 | D:3      | Reached XP level 2. HP: 24/27 MP: 1/1
   132 | D:3      | Reached XP level 3. HP: 26/33 MP: 2/2
   215 | D:3      | Found a hazy altar of Hepliaklqana.
   956 | D:1      | Reached skill level 5 in Stealth
  1220 | D:2      | Reached XP level 4. HP: 24/40 MP: 3/3
  1778 | D:2      | Found a faded altar of an unknown god.
  1986 | D:2      | Reached skill level 1 in Armour
  2490 | D:3      | Found a blossoming altar of Fedhas.
  2822 | D:4      | Noticed a phantom
  2888 | D:4      | Killed a phantom
  2889 | D:4      | Reached XP level 5. HP: 8/47 MP: 4/4
  3264 | D:4      | Reached skill level 1 in Short Blades
  3605 | D:4      | Reached XP level 6. HP: 41/53 MP: 5/5
  4048 | D:4      | Found a white marble altar of Elyvilon.
  4107 | D:4      | Noticed a sky beast
  4121 | D:4      | Killed a sky beast
  5001 | D:5      | Reached skill level 5 in Armour
  5001 | D:5      | Reached skill level 1 in Shields
  5001 | D:5      | Reached XP level 7. HP: 53/60 MP: 6/6
  5079 | D:5      | HP: 3/60 [adder (3)]
  5080 | D:5      | HP: 1/60 [poisoned by an adder]
  5081 | D:5      | Succumbed to an adder's poison

Illustrated notes

Levels and vault maps discovered:
D:1:      minmay_arrival_open_corners, layout_basic
D:2:      layout_loops_corners, hellmonk_ecumenical_altar_leap_of_faith
D:3:      layout_rooms, fedhas_ov_isle_minmay, mainiacjoe_overflow_catwalk
D:4:      layout_layer_cave, elyvilon_altar_5, cheibrodos_sewer_entry_drain,
          hangedman_decor_peaks_small
D:5:      layout_basic, minmay_temple_entry_junction, serial_shops,
          nicolae_shop_stone, enter_ossuary_1, nicolae_shop_overcharged_wands

Skill      XL: |  1  2  3  4  5  6 |
---------------+-------------------+-----
Fighting       | 4 |  4.9
Stealth        | 5 |  5.1
Armour         | 2 3 5 |  5.2
Axes           | 3 4 |  4.1
Short Blades   | 1 3 |  3.1
Shields        | 1 |  1.0
Dodging        | |  2.6

Action                   |  1- 3 |  4- 6 |  7- 9 || total
-------------------------+-------+-------+-------++-------
Melee: Hand axe          |    68 |    24 |       ||    92
       Headbutt          |    11 |    19 |     3 ||    33
       Short sword       |       |   122 |    20 ||   142
  Use: Scroll            |     1 |     4 |       ||     5
       Potion            |       |       |     1 ||     1
 Stab: Sleeping          |     2 |       |       ||     2
Armor: Leather armour    |    10 |       |       ||    10
       Chain mail        |    22 |   102 |     6 ||   130
Dodge: Dodged            |    31 |    50 |     4 ||    85
Block: Buckler           |       |    16 |     2 ||    18
